 Dungeon Crawl Stone Soup version 0.30-a0-639-g3916f1956a (webtiles) character file.

Game seed: 1890766841833349464

28 zinnoa the Sneak (level 3, 0/16 HPs)
             Began as a Vine Stalker Enchanter on Jan 16, 2023.
             Slain by a quokka (2 damage)
             ... on level 1 of the Dungeon on Jan 17, 2023.
             The game lasted 00:08:59 (762 turns).

zinnoa the Sneak (Vine Stalker Enchanter)            Turns: 762, Time: 00:08:59

Health: 0/16       AC:  2    Str: 10    XL:     3   Next: 12%
Magic:  0/7        EV: 12    Int: 15    God:
Gold:   51         SH:  0    Dex: 16    Spells: 4/6 levels left

rFire   . . .      SeeInvis .    a - +1 dagger
rCold   . . .      Faith    .    (no shield)
rNeg    . . .      Spirit   +    b - +0 robe
rPois   .          Reflect  .    (no helmet)
rElec   .          Harm     .    (no cloak)
rCorr   .          Rampage  .    (no gloves)
Will    .....                    (no boots)
Stlth   +++                      (no amulet)
HPRegen 0.22/turn                (no ring)
MPRegen 0.10/turn                (no ring)

@: no status effects
A: fangs 2, magic shield, antimagic bite, no potion heal 2
a: no special abilities


You were on level 1 of the Dungeon.
You visited 1 branch of the dungeon, and saw 2 of its levels.

You collected 51 gold pieces.

Inventory:

Hand Weapons
 a - a +1 dagger (weapon)
Armour
 b - a +0 robe (worn)
Scrolls
 e - a scroll of magic mapping {unknown}
 f - a scroll of silence {unknown}
 g - a scroll of immolation {unknown}
Potions
 c - 2 potions of invisibility
 d - a potion of mutation {unknown}


   Skills:
 + Level 1.0 Short Blades
 + Level 1.6 Dodging
 + Level 4.4 Stealth
 + Level 2.4 Spellcasting
 + Level 3.3 Hexes
 + Level 0.3 Ice Magic


You had 4 spell levels left.
You knew the following spells:

 Your Spells              Type           Power      Damage    Failure   Level
a - Ensorcelled Hibernat  Hex/Ice        14%        N/A       16%         2

Your spell library contained the following spells:

 Spells                   Type           Power      Damage    Failure   Level
 Confusing Touch          Hex            11%        N/A       16%         3
 Tukima's Dance           Hex            11%        N/A       16%         3
 Sublimation of Blood     Necr           1%         N/A       32%         2
 Dazzling Flash           Conj/Hex       12%        N/A       32%         3
 Petrify                  Tmut/Erth      1%         N/A       91%         4
 Irradiate                Conj/Tmut      0%         3d11      99%         5


Dungeon Overview and Level Annotations

Branches:
Dungeon (2/15)

Altars:


Innate Abilities, Weirdness & Mutations

You have extremely sharp teeth.
When hurt, damage is shared between your health and your magic reserves.
Your bite disrupts and absorbs the magic of your enemies.
Potions cannot restore your health.


Message History

You hit the hobgoblin but do no damage. The quokka barely misses you.
The hobgoblin hits you but does no damage.
The quokka completely misses you. The hobgoblin hits you.
The quokka barely misses you.
You climb upwards.
There is a stone staircase leading down here.
You barely miss the hobgoblin. The quokka barely misses you.
The hobgoblin closely misses you.
You closely miss the hobgoblin. The quokka bites you.
The hobgoblin closely misses you.
You closely miss the hobgoblin.
The quokka bites you but does no damage.
The hobgoblin barely misses you.
You hit the hobgoblin.
The hobgoblin is heavily wounded.
The quokka barely misses you. The hobgoblin barely misses you.
You hit the hobgoblin but do no damage.
The hobgoblin is heavily wounded.
The quokka closely misses you. The hobgoblin hits you.
You barely miss the hobgoblin. Your bite misses the hobgoblin.
The hobgoblin is heavily wounded.
The quokka barely misses you. The quokka closely misses you.
You barely miss the hobgoblin.
The hobgoblin is heavily wounded.
The hobgoblin closely misses you. The quokka barely misses you.
You hit the hobgoblin but do no damage. Your bite misses the hobgoblin.
The hobgoblin is heavily wounded.
The hobgoblin hits you.
* * * LOW HITPOINT WARNING * * *
The quokka bites you but does no damage.
You hit the hobgoblin but do no damage. You bite the hobgoblin.
You kill the hobgoblin!
The quokka twitches its whiskers.
The quokka closely misses you.
You completely miss the quokka. Your bite misses the quokka.
The quokka bites you.
* * * LOW HITPOINT WARNING * * *
You hit the quokka but do no damage. The quokka misses you.
You miss the quokka. Your bite misses the quokka. The quokka bites you.
You die...

♣...♣#..##.######.####.##
#....
♣...♣##....##..........#
#.... ♣...♣
#######..#.#....## #....
♣♣.♣♣ #........[# #....
♣.♣ ♣♣♣♣♣ #..#.#...##
#....
♣♣.♣♣♣...♣###..).....#
#....
..........'....).....#
#####
♣♣.♣♣♣...♣##.....r...# #
♣.♣ ♣♣♣♣♣ ##...@....#
♣♣.♣♣ #........# ♣...♣
########## ♣...♣ ♣...♣
♣♣♣♣♣


You could see a quokka.

Vanquished Creatures
  An adder (D:2)
  A dart slug (D:2)
  An endoplasm (D:1)
  A hobgoblin (D:1)
  2 jackals (D:1)
  2 kobolds (D:1)
  2 quokkas (D:1)
  A ball python (D:1)
  2 bats (D:2)
  A frilled lizard (D:1)
  2 goblins (D:1)
16 creatures vanquished.

Notes
Turn   | Place    | Note
-------+----------+-------------------------------------------
     0 | D:1      | zinnoa the Vine Stalker Enchanter began the quest for the
                  | Orb.
     0 | D:1      | Reached XP level 1. HP: 9/9 MP: 4/4
    70 | D:1      | Reached skill level 4 in Stealth
   179 | D:1      | Reached XP level 2. HP: 12/13 MP: 6/6
   182 | D:1      | Learned a level 2 spell: Ensorcelled Hibernation
   725 | D:2      | Reached skill level 1 in Short Blades
   725 | D:2      | Reached XP level 3. HP: 16/16 MP: 0/7
   762 | D:1      | Slain by a quokka

Illustrated notes

Levels and vault maps discovered:
D:1:      scummos_arrival_star, layout_rooms, serial_glass, glass_columns_a,
          glass_columns_a, glass_columns_a, glass_columns_a, glass_columns_c,
          glass_columns_b, glass_columns_a, glass_columns_c,
          kennysheep_minor_cross, palyth_stone_intersect, minmay_misc_feat_tiny
D:2:      layout_rooms, serial_shops, shop, basic_altar, minmay_joined_circles

Skill      XL: |  1  2 |
---------------+-------+-----
Stealth        | 4 |  4.4
Short Blades   | 1 |  1.0
Dodging        | |  1.6
Spellcasting   | |  2.4
Hexes          | |  3.3
Ice Magic      | |  0.3

Action                   || total
-------------------------++-------
Melee: Dagger            ||    51
       Bite              ||    13
 Cast: Ensorcelled Hiber ||     9
 Stab: Sleeping          ||     6
Armor: Robe              ||    12
Dodge: Dodged            ||    43

Table legend: (Time is in decaauts)
 A = Elapsed time spent in this place.
 B = Non-inter-level travel time spent in this place.
 C = Inter-level travel time spent in this place.
 D = Time resting spent in this place.
 E = Time spent auto-exploring this place.
 F = Levels seen in this place.
 G = Mean time per level.
                   A        B        C        D        E       F      G
               +--------+--------+--------+--------+--------+-----+--------+
         Total |    759 |    734 |     25 |     69 |    351 |   2 |  379.5 |
       Dungeon |    759 |    734 |     25 |     69 |    351 |   2 |  379.5 |
               +--------+--------+--------+--------+--------+-----+--------+

Top non-repeatable levels by time:
     D:1: 724 daAuts
     D:2: 35 daAuts
